[Event "Late-Titled-Tuesday-Blitz-February-06-2024"]
[Site "Chess.com"]
[Date "2024.02.06"]
[Round "5"]
[White "Kiborg95"]
[Black "Practical-Play"]
[Result "1-0"]
[WhiteElo "2841"]
[BlackElo "2582"]
[TimeControl "180+1"]
[EndTime "14:50:32 PST"]
[Termination "Kiborg95 won by resignation"]

1. e4 d5 2. exd5 Nf6 3. Nf3 Qxd5 4. d4 Bg4 5. Be2 e6 6. h3 Bh5 7. O-O Nc6 8. c4 Qd7 9. Be3 O-O-O 10. Nbd2 Bd6 11.
c5 Be7 12. Qa4 Kb8 13. Bb5 Qd5 14. Bxc6 Qxc6 15. Qxc6 bxc6 16. Ne5 Kb7 17. Nb3 Nd5 18. Na5+ 1-0

[Event "Late-Titled-Tuesday-Blitz-February-06-2024"]
[Site "Chess.com"]
[Date "2024.02.06"]
[Round "5"]
[White "NovakRatko"]
[Black "Horokoskii"]
[Result "1-0"]
[WhiteElo "2398"]
[BlackElo "2150"]
[TimeControl "180+1"]
[EndTime "14:50:40 PST"]
[Termination "NovakRatko won by resignation"]

1. d4 Nf6 2. c4 g6 3. Nc3 Bg7 4. e4 d6 5. f3 O-O 6. Be3 c5 7. dxc5 dxc5 8. Qxd8 Rxd8 9. Bxc5 Na6 10. Bxe7 Re8 11.
Ba3 Nd7 12. O-O-O Ndc5 13. Nd5 Be6 14. Ne2 f5 15. Bxc5 Bxd5 16. Rxd5 1-0

[Event "Late-Titled-Tuesday-Blitz-February-06-2024"]
[Site "Chess.com"]
[Date "2024.02.06"]
[Round "5"]
[White "campochess"]
[Black "winniethepooh04"]
[Result "0-1"]
[WhiteElo "2110"]
[BlackElo "2522"]
[TimeControl "180+1"]
[EndTime "14:51:00 PST"]
[Termination "winniethepooh04 won by resignation"]

1. d4 e6 2. Nf3 d5 3. c4 Nf6 4. Nc3 a6 5. cxd5 exd5 6. g3 Bf5 7. Bg2 Nbd7 8. O-O c6 9. Bf4 Be7 10. Ne5 O-O 11. f3 h6 12. e4 Bh7 13. Nxd7 Qxd7 14.
e5 Ne8 15. Qd2 Nc7 16. h4 Ne6 17. Bh3 Qc7 18. Bxh6 gxh6 19. Qxh6 Nxd4 20. f4 Qb6 21.
Kh1 Qxb2 22. Rac1 Nb5 23. f5 Nxc3 24. f6 Be4+ 25. Kg1 Bc5+ 0-1

[Event "Late-Titled-Tuesday-Blitz-February-06-2024"]
[Site "Chess.com"]
[Date "2024.02.06"]
[Round "5"]
[White "kingofthenil"]
[Black "bitter-cikolata"]
[Result "1-0"]
[WhiteElo "2675"]
[BlackElo "2479"]
[TimeControl "180+1"]
[EndTime "14:51:11 PST"]
[Termination "kingofthenil won by resignation"]

1. d4 Nf6 2. Nf3 g6 3. Nbd2 d5 4. b4 Bg7 5. Bb2 O-O 6. e3 a5 7. b5 b6 8. c4 Bb7 9. a4 Nbd7 10. Rc1 e6 11. c5 bxc5 12. dxc5 c6 13. Nd4 Qc7 14. bxc6 Bxc6 15. Nxc6 Qxc6 16. Bb5 Qc7 17. O-O Rfc8 18. Bd4 e5 19. Bb2 Nxc5 20. Nb3 Qe7 21. Ba3 Nfe4 22. Nxc5 Nxc5 23. Qxd5 Bf8 24. Bxc5 Rxc5 25.
Qxa8 1-0

[Event "Late-Titled-Tuesday-Blitz-February-06-2024"]
[Site "Chess.com"]
[Date "2024.02.06"]
[Round "5"]
[White "martinmena"]
[Black "Doublekk14"]
[Result "0-1"]
[WhiteElo "2154"]
[BlackElo "2309"]
[TimeControl "180+1"]
[EndTime "14:51:17 PST"]
[Termination "Doublekk14 won by resignation"]

1. c4 c5 2. g3 Nc6 3. Bg2 e6 4.
Nc3 Nf6 5. e4 d6 6. Nge2 Be7 7.
O-O Bd7 8. f4 O-O 9. d3 Nd4 10.
Nxd4 cxd4 11. Ne2 e5 12. f5 Ng4 13. h3 Ne3 14. Bxe3 dxe3 15. Nc3 Bg5 16. Qe2 Bc6 17.
h4 Bh6 18. Qh5 f6 19. g4 Bf4 20. Ne2 Be8 21. Rxf4 exf4 22. Nxf4 Bxh5 23. Ne6 Qb6 24. Nxf8 e2+ 25. Kh2 Rxf8 26. gxh5 Qf2 0-1

[Event "Late-Titled-Tuesday-Blitz-February-06-2024"]
[Site "Chess.com"]
[Date "2024.02.06"]
[Round "5"]
[White "ImportedItalianMaple"]
[Black "EcosseKillie"]
[Result "1-0"]
[WhiteElo "2501"]
[BlackElo "2247"]
[TimeControl "180+1"]
[EndTime "14:51:18 PST"]
[Termination "ImportedItalianMaple won by resignation"]

1. Nf3 Nc6 2. d4 d5 3. g3 Bg4 4. Bg2 Qd7 5. O-O O-O-O 6. c4 dxc4 7. Qa4 a6 8. e3 Bh3 9. Qxc4 Bxg2 10. Kxg2 Nf6 11.
Nc3 e6 12. Rd1 Kb8 13. e4 e5 14. dxe5 1-0

[Event "Late-Titled-Tuesday-Blitz-February-06-2024"]
[Site "Chess.com"]
[Date "2024.02.06"]
[Round "5"]
[White "nindjaxx8"]
[Black "GMKrikor"]
[Result "0-1"]
[WhiteElo "2571"]
[BlackElo "2824"]
[TimeControl "180+1"]
[EndTime "14:51:40 PST"]
[Termination "GMKrikor won by resignation"]

1. d4 Nf6 2. c4 g6 3. Nc3 d5 4.
Bf4 Bg7 5. e3 O-O 6. Nf3 c5 7.
dxc5 Ne4 8. Rc1 Qa5 9. cxd5 Nd7 10. Bd3 Nxc3 11. Qd2 Nxc5 12. bxc3 Rd8 13. c4 Nxd3+ 0-1

[Event "Late-Titled-Tuesday-Blitz-February-06-2024"]
[Site "Chess.com"]
[Date "2024.02.06"]
[Round "5"]
[White "Bkmzzzzz"]
[Black "HajiyevKanan"]
[Result "0-1"]
[WhiteElo "2414"]
[BlackElo "2607"]
[TimeControl "180+1"]
[EndTime "14:51:44 PST"]
[Termination "HajiyevKanan won by resignation"]

1. e4 c6 2. d4 d5 3. Nc3 a6 4.
exd5 cxd5 5. Bd3 Nc6 6. Nge2 Bg4 7. f3 Bh5 8. O-O e6 9. Be3 Bd6 10. Nf4 Bg6 11. Qe1 Nge7 12. Rd1 Qc7 13. Qh4 Bxd3 14. Rxd3 Nf5 15. Nh5 Nxh4 0-1

[Event "Late-Titled-Tuesday-Blitz-February-06-2024"]
[Site "Chess.com"]
[Date "2024.02.06"]
[Round "5"]
[White "N_Mullodzhanov"]
[Black "GAusal"]
[Result "1-0"]
[WhiteElo "2473"]
[BlackElo "2300"]
[TimeControl "180+1"]
[EndTime "14:51:44 PST"]
[Termination "N_Mullodzhanov won by resignation"]

1. e4 c5 2. c3 e6 3. Nf3 Nc6 4. d4 cxd4 5. cxd4 d5 6. e5 a6 7. Nc3 Bb4 8. Bd3 Nge7 9. a3 Ba5 10. O-O O-O 11. Bxh7+ Kxh7 12. Ng5+ Kg6 13. h4 Rh8 14. Qg4 f5 15. Qg3 f4 16. Qg4 Nf5 17. Nxe6+ Kf7 18. Nxd8+ Nxd8 19. h5 Be6 20. Nxd5 Nc6 21. Qg6+ 1-0

[Event "Late-Titled-Tuesday-Blitz-February-06-2024"]
[Site "Chess.com"]
[Date "2024.02.06"]
[Round "5"]
[White "DonkyDonkyDonkey"]
[Black "SaqoChess_Twitch"]
[Result "1-0"]
[WhiteElo "2934"]
[BlackElo "2655"]
[TimeControl "180+1"]
[EndTime "14:52:16 PST"]
[Termination "DonkyDonkyDonkey won by checkmate"]

1. e4 c5 2. Nc3 d6 3. f4 Nc6 4.
Nf3 g6 5. Bc4 Bg7 6. O-O e6 7.
d3 Nge7 8. Qe1 O-O 9. f5 gxf5 10. Qh4 fxe4 11. Ng5 h6 12. Ncxe4 Ng6 13. Qh5 d5 14. Nf6+ Kh8 15. Bb3 Nce7 16. Ngh7 Ng8 17. Nxf8 Qxf8 18.
Nxg8 Kxg8 19. c3 b5 20. d4 cxd4 21. Bc2 Ne7 22. Bh7+ Kxh7 23. Rxf7 Qg8 24. Qxh6# 1-0

[Event "Late-Titled-Tuesday-Blitz-February-06-2024"]
[Site "Chess.com"]
[Date "2024.02.06"]
[Round "5"]
[White "kuli4ik"]
[Black "dennisodessa"]
[Result "1-0"]
[WhiteElo "2862"]
[BlackElo "2597"]
[TimeControl "180+1"]
[EndTime "14:52:18 PST"]
[Termination "kuli4ik won by resignation"]

1. Nf3 Nf6 2. g3 b5 3. Bg2 Bb7 4. O-O e6 5. d3 Be7 6. e4 O-O 7. e5 Ne8 8. Qe2 d6 9. d4 c5 10.
exd6 Bxd6 11. dxc5 Bxc5 12. Rd1 Qb6 13. Nbd2 Nf6 14.
Nb3 Be7 15. Be3 Qc7 16. Qxb5 Nbd7 17. Bf4 Qc8 18. Qe2 a5 19. Nbd4 Ba6 20. Qe1 Nd5 21. Nxe6 Nxf4 22. Nxf4 Bf6 23. c3 Re8 24. Qd2 Nc5 25. Nd5 Bd8 26. Re1 Ne4 27. Qd4 f5 28. Nd2 Bf6 1-0

[Event "Late-Titled-Tuesday-Blitz-February-06-2024"]
[Site "Chess.com"]
[Date "2024.02.06"]
[Round "5"]
[White "ozates"]
[Black "Eloist"]
[Result "1-0"]
[WhiteElo "2615"]
[BlackElo "2435"]
[TimeControl "180+1"]
[EndTime "14:52:26 PST"]
[Termination "ozates won by resignation"]

1. e4 e6 2. d4 d5 3. Nd2 c5 4.
exd5 Qxd5 5. dxc5 Nf6 6. Ngf3 Bxc5 7. Be2 O-O 8. O-O Rd8 9. a4 Nc6 10. a5 e5 11. Bc4 Qd6 12. Ng5 Be6 13. Nxe6 fxe6 14.
c3 e4 15. Qe2 e3 16. fxe3 Ne5 17. b4 Nxc4 18. Nxc4 1-0

[Event "Late-Titled-Tuesday-Blitz-February-06-2024"]
[Site "Chess.com"]
[Date "2024.02.06"]
[Round "5"]
[White "valeriocarnicelli"]
[Black "bascheyaro"]
[Result "0-1"]
[WhiteElo "2532"]
[BlackElo "2784"]
[TimeControl "180+1"]
[EndTime "14:52:32 PST"]
[Termination "bascheyaro won by resignation"]

1. e4 e6 2. d4 d5 3. Nc3 Bb4 4.
e5 Ne7 5. a3 Bxc3+ 6. bxc3 b6 7. Qg4 O-O 8. h4 Kh8 9. h5 h6 10. Nf3 Ba6 11. Bxa6 Nxa6 12. O-O c5 13. a4 Rc8 14. Ba3 Re8 15. Qf4 Kg8 16. dxc5 Nxc5 17. a5 Ne4 18. axb6 axb6 19. Bb4 Nxc3 20. Qe3 Nf5 21. Qd3 Ne4 22. Ra7 Rc4 23. Ba3 Nh4 24. Nxh4 Qxh4 25. Qf3 Ng5 26. Qe3 Rg4 27. Rb1 d4 28. Qe2 Nh3+ 29. Kf1 Nf4 0-1

[Event "Late-Titled-Tuesday-Blitz-February-06-2024"]
[Site "Chess.com"]
[Date "2024.02.06"]
[Round "5"]
[White "lluiss"]
[Black "Escanor89"]
[Result "0-1"]
[WhiteElo "2158"]
[BlackElo "2523"]
[TimeControl "180+1"]
[EndTime "14:52:48 PST"]
[Termination "Escanor89 won by resignation"]

1. d4 Nf6 2. Nf3 g6 3. g3 Bg7 4. Bg2 d6 5. O-O O-O 6. c4 c6 7. Nc3 Bf5 8. Nh4 Be6 9. d5 cxd5 10. cxd5 Bd7 11. Nf3 Na6 12. Nd4 Rc8 13. Qd2 Qb6 14.
Nb3 Nc5 15. Nxc5 Rxc5 16. Qd1 Qa6 17. Be3 Rc7 18. Bd4 Rfc8 19. Qd2 Rc4 20. e3 b5 21. b3 Rxc3 22. Bxc3 Ne4 23. Bxe4 Bxc3 24. Qd3 Bxa1 25. Rxa1 Qb6 26. h4 Qc5 27. h5 Qc3 28. hxg6 Qxa1+ 0-1

[Event "Late-Titled-Tuesday-Blitz-February-06-2024"]
[Site "Chess.com"]
[Date "2024.02.06"]
[Round "5"]
[White "picturesquecheck"]
[Black "riconaipe"]
[Result "0-1"]
[WhiteElo "2397"]
[BlackElo "2596"]
[TimeControl "180+1"]
[EndTime "14:52:49 PST"]
[Termination "riconaipe won by resignation"]

1. e4 g6 2. d4 Bg7 3. h4 h6 4.
Nf3 c5 5. dxc5 Qa5+ 6. c3 Qxc5 7.
Nbd2 Nf6 8. Bd3 Qc7 9. Nc4 d6 10. Bf4 Bg4 11. Qa4+ Nc6 12. O-O-O O-O 13. Kb1 b5 14.
Qxb5 Rfb8 15. Qa4 e5 16. Be3 d5 17. exd5 Nxd5 18. Bd2 Be6 19. Rhe1 Nb6 20. Nxb6 axb6 21. Qb5 Bxa2+ 22. Kc2 Bd5 23. Ra1 Bxf3 0-1

[Event "Late-Titled-Tuesday-Blitz-February-06-2024"]
[Site "Chess.com"]
[Date "2024.02.06"]
[Round "5"]
[White "Anna20240"]
[Black "falzehope0"]
[Result "0-1"]
[WhiteElo "1898"]
[BlackElo "2345"]
[TimeControl "180+1"]
[EndTime "14:52:51 PST"]
[Termination "falzehope0 won on time"]

1. e4 d6 2. c4 Nf6 3. Nc3 e5 4.
Nf3 Be7 5. d4 Nbd7 6. g3 c6 7.
Bg2 Qc7 8. O-O Nf8 9. dxe5 dxe5 10. Bg5 Ne6 11. Be3 h6 12. Nd2 Bd7 13. Qa4 Ng4 14. Rfe1 Nxe3 15. Rxe3 Bc5 16. Ree1 O-O 17. a3 Qb6 18.
Rf1 Qxb2 19. Ncb1 Nd4 0-1

[Event "Late-Titled-Tuesday-Blitz-February-06-2024"]
[Site "Chess.com"]
[Date "2024.02.06"]
[Round "5"]
[White "JaackCamel"]
[Black "elchacal664"]
[Result "0-1"]
[WhiteElo "2192"]
[BlackElo "2405"]
[TimeControl "180+1"]
[EndTime "14:52:55 PST"]
[Termination "elchacal664 won by resignation"]

1. d4 d5 2. c4 dxc4 3. Nf3 Nf6 4. e3 e6 5. Bxc4 c5 6. O-O cxd4 7. exd4 Be7 8. Nc3 O-O 9. d5 exd5 10. Nxd5 Nxd5 11.
Qxd5 Nc6 12. Qxd8 Rxd8 13. Be3 Bg4 14. Nd2 Rac8 15. h3 Bh5 16. Rac1 Bf6 17. b3 Bg6 18.
Rfd1 Bb2 19. Nf3 Bxc1 20. Rxc1 Na5 21. Bxa7 b5 22. Bb6 bxc4 23. Bxa5 cxb3 24. Re1 bxa2 25. Bxd8 Rxd8 26. Ne5 Bb1 27. Nc6 Rf8 0-1

[Event "Late-Titled-Tuesday-Blitz-February-06-2024"]
[Site "Chess.com"]
[Date "2024.02.06"]
[Round "5"]
[White "bazar-wokzal"]
[Black "tgpgoat"]
[Result "1-0"]
[WhiteElo "2631"]
[BlackElo "2458"]
[TimeControl "180+1"]
[EndTime "14:52:56 PST"]
[Termination "bazar-wokzal won by resignation"]

1. e4 c5 2. c3 Nf6 3. e5 Nd5 4. d4 cxd4 5. cxd4 Nc6 6. Nc3 Nxc3 7. bxc3 Qc7 8. Bd2 e6 9. f4 Be7 10.
Nf3 O-O 11. Bd3 b6 12. h4 f5 13. exf6 Bxf6 14. Bxh7+ Kxh7 15. Ng5+ Kg8 16. Qh5 Bxg5 17. hxg5 Ne7 18. g6 Nxg6 19. Qxg6 d5 20. Rh5 Bd7 21. Kf2 Rxf4+ 22. Bxf4 Qxf4+ 23. Kg1 Rf8 24. Qh7+ Kf7 25. Rf1 Qxf1+ 26. Kxf1 1-0

[Event "Late-Titled-Tuesday-Blitz-February-06-2024"]
[Site "Chess.com"]
[Date "2024.02.06"]
[Round "5"]
[White "TheoSlade"]
[Black "OverallStranger"]
[Result "1-0"]
[WhiteElo "2465"]
[BlackElo "2281"]
[TimeControl "180+1"]
[EndTime "14:52:58 PST"]
[Termination "TheoSlade won by resignation"]

1. d4 e6 2. c4 f5 3. g3 Nf6 4.
Bg2 c6 5. Qc2 d5 6. Nh3 Be7 7.
O-O O-O 8. Bf4 Nbd7 9. Ng5 Nb8 10. Nd2 h6 11. Nh3 Nbd7 12. f3 b6 13. cxd5 cxd5 14. Qc6 Ba6 15. Qxe6+ Kh7 16. Qxf5+ Kg8 17. Qe6+ Kh8 18.
Be5 Re8 19. Nf4 Bb4 20. Ng6+ Kh7 21. Qf5 Kg8 22. Nb3 Bxe2 23. Rfe1 Bxe1 24. Rxe1 Bc4 25. Bh3 Bxb3 26. axb3 Rc8 27. Nf4 Qe7 28. Nxd5 Nxe5 29. Nxe7+ Rxe7 30. Qxc8+ 1-0

[Event "Late-Titled-Tuesday-Blitz-February-06-2024"]
[Site "Chess.com"]
[Date "2024.02.06"]
[Round "5"]
[White "aghasiyevkamal"]
[Black "GreatOwl02"]
[Result "1-0"]
[WhiteElo "2610"]
[BlackElo "2298"]
[TimeControl "180+1"]
[EndTime "14:53:01 PST"]
[Termination "aghasiyevkamal won by resignation"]

1. d4 d5 2. c4 c6 3. cxd5 cxd5 4. Bf4 Nc6 5. Nc3 Bf5 6. e3 e6 7. g4 Bg6 8. h4 h6 9. h5 Bh7 10. Nf3 Nf6 11. Bb5 Bd6 12. Ne5 Rc8 13. f3 O-O 14. Bxc6 bxc6 15. g5 hxg5 16. Bxg5 Be7 17. Qe2 c5 18.
Qg2 Kh8 19. Ng6+ fxg6 20. hxg6 Kg8 21. Bxf6 Rxf6 22. Rxh7 Qe8 23. Rh8+ 1-0

[Event "Late-Titled-Tuesday-Blitz-February-06-2024"]
[Site "Chess.com"]
[Date "2024.02.06"]
[Round "5"]
[White "KantorGergely"]
[Black "IMSlavin"]
[Result "1-0"]
[WhiteElo "2759"]
[BlackElo "2341"]
[TimeControl "180+1"]
[EndTime "14:53:02 PST"]
[Termination "KantorGergely won by resignation"]

1. c4 Nc6 2. Nf3 Nf6 3. d4 d6 4. d5 Ne5 5. Nd4 g6 6. f4 Ned7 7. Nc3 Bg7 8. e4 O-O 9. Be2 a6 10. O-O c5 11. Nc2 Rb8 12. a4 b6 13. Kh1 Qc7 14.
Qe1 Re8 15. Qh4 e6 16. dxe6 Rxe6 17. f5 Re8 18. Bg5 gxf5 19. Rxf5 Nxe4 20. Nxe4 Ne5 21.
Nf6+ Bxf6 22. Bxf6 Bxf5 23. Qh6 1-0

[Event "Late-Titled-Tuesday-Blitz-February-06-2024"]
[Site "Chess.com"]
[Date "2024.02.06"]
[Round "5"]
[White "martinez_95"]
[Black "vladoboch"]
[Result "1-0"]
[WhiteElo "2237"]
[BlackElo "2442"]
[TimeControl "180+1"]
[EndTime "14:53:07 PST"]
[Termination "martinez_95 won by resignation"]

1. d4 Nf6 2. Nc3 d5 3. Bf4 Bf5 4. f3 h5 5. e4 dxe4 6. Bc4 e6 7. Nge2 exf3 8. gxf3 Bd6 9. Qd2 Nbd7 10. O-O-O Nb6 11. Bb3 Qd7 12. Rhg1 Bg6 13. Bxd6 cxd6 14. Nf4 Bf5 15. Rxg7 O-O-O 16. Ne4 Qe7 17. Ng5 Nfd5 18. Nxd5 exd5 19. Rxf7 1-0

[Event "Late-Titled-Tuesday-Blitz-February-06-2024"]
[Site "Chess.com"]
[Date "2024.02.06"]
[Round "5"]
[White "crazy_but_lazy"]
[Black "VitaliyChayka"]
[Result "0-1"]
[WhiteElo "2592"]
[BlackElo "2442"]
[TimeControl "180+1"]
[EndTime "14:53:08 PST"]
[Termination "VitaliyChayka won by resignation"]

1. c4 d6 2. d4 e5 3. Nf3 e4 4.
Ng5 f5 5. Nc3 Be7 6. h4 Nf6 7. g3 O-O 8. Nh3 c5 9. d5 Nbd7 10. b3 Ne5 11. Bb2 Nfg4 12. e3 Nf3+ 13. Ke2 Bf6 14. Bg2 Nfe5 15. Nf4 Qe7 16. Qd2 g6 17.
Rhd1 a6 18. a4 Bd7 19. a5 Rab8 20. Qc2 b5 21. axb6 Rxb6 22. Ra3 Rfb8 23. Rda1 Nxc4 24. Rxa6 Rxb3 25. Nd1 Nxb2 26. Ra8 Kg7 27. Rxb8 Rxb8 28. Kf1 Nd3 29. Ra7 Nxf4 30. exf4 Bb5+ 31. Kg1 Qxa7 0-1

[Event "Late-Titled-Tuesday-Blitz-February-06-2024"]
[Site "Chess.com"]
[Date "2024.02.06"]
[Round "5"]
[White "BeardedNM"]
[Black "SHIVACalypso"]
[Result "0-1"]
[WhiteElo "2254"]
[BlackElo "2533"]
[TimeControl "180+1"]
[EndTime "14:53:15 PST"]
[Termination "SHIVACalypso won by checkmate"]

1. e4 e6 2. d4 d5 3. e5 c5 4. c3 Nc6 5. Nf3 Bd7 6. Be2 f6 7. O-O fxe5 8. dxe5 Nh6 9. Bd3 Qc7 10. Bf4 Nf7 11. Re1 O-O-O 12. c4 d4 13. a3 Be7 14. h3 g5 15. Bh2 h5 16. b4 g4 17. Nfd2 gxh3 18.
b5 Ncxe5 19. Nf3 Bd6 20. Nxe5 Bxe5 21. Bxe5 Nxe5 22. Be4 Rdg8 23. f4 Ng4 24. Qa4 h2+ 25. Kh1 Qxf4 26. Bxb7+ Kxb7 27. Qa6+ Kb8 28. b6 Nf2# 0-1

[Event "Late-Titled-Tuesday-Blitz-February-06-2024"]
[Site "Chess.com"]
[Date "2024.02.06"]
[Round "5"]
[White "OYAcosta"]
[Black "ybothg"]
[Result "0-1"]
[WhiteElo "2186"]
[BlackElo "2525"]
[TimeControl "180+1"]
[EndTime "14:53:15 PST"]
[Termination "ybothg won by resignation"]

1. d4 Nf6 2. c4 g6 3. Nc3 d5 4. Nf3 Bg7 5. Bf4 O-O 6. e3 Be6 7. Ng5 Bg4 8. Qb3 h6 9. Nf3 Nbd7 10. cxd5 Nb6 11. e4 Nh5 12. Be3 f5 13. d6+ Kh7 14.
dxc7 Qxc7 15. e5 f4 16. Bd2 Rad8 17. Be2 Bxf3 18. Bxf3 Rxd4 19. Nb5 Qxe5+ 20. Be3 fxe3 21. Nxd4 exf2+ 22. Kxf2 Qxd4+ 23. Qe3 Qxb2+ 24. Qe2 Bd4+ 0-1

[Event "Late-Titled-Tuesday-Blitz-February-06-2024"]
[Site "Chess.com"]
[Date "2024.02.06"]
[Round "5"]
[White "Vasily85"]
[Black "pinguino120"]
[Result "1-0"]
[WhiteElo "2506"]
[BlackElo "2270"]
[TimeControl "180+1"]
[EndTime "14:53:17 PST"]
[Termination "Vasily85 won by resignation"]

1. c4 c6 2. Nf3 d5 3. e3 Nf6 4. Nc3 Bf5 5. cxd5 cxd5 6. Qb3 Qb6 7. Nxd5 Nxd5 8. Qxd5 e6 9. Qb5+ Qxb5 10. Bxb5+ Nc6 11.
Nd4 Be4 12. f3 a6 13. fxe4 axb5 14. Nxb5 Rc8 15. Ke2 Be7 16. d4 O-O 17. Bd2 Nb4 18.
Bxb4 Bxb4 19. Rhc1 Rc6 20. a3 Be7 21. Rc3 Rfc8 22. Rac1 Rxc3 23. Rxc3 Rxc3 24. Nxc3 Kf8 25. Kd3 Ke8 26. Kc4 Kd7 27. Kb5 Kc7 28. e5 Bg5 29. Nd1 h5 30. h3 Bh4 31. Kc4 g6 32. Nc3 Bf2 33. Kd3 Kc6 34. Ne4 Be1 35. Ng5 1-0

[Event "Late-Titled-Tuesday-Blitz-February-06-2024"]
[Site "Chess.com"]
[Date "2024.02.06"]
[Round "5"]
[White "HansOnTwitch"]
[Black "Rutricks"]
[Result "1-0"]
[WhiteElo "3153"]
[BlackElo "2724"]
[TimeControl "180+1"]
[EndTime "14:53:23 PST"]
[Termination "HansOnTwitch won by resignation"]

1. c4 g6 2. Nc3 Bg7 3. d4 d6 4. e4 Nd7 5. Be2 e5 6. Nf3 Ngf6 7. O-O O-O 8. Re1 Re8 9. Bf1 exd4 10. Nxd4 Ng4 11. f3 Nge5 12. Be3 a6 13. Qd2 Nc5 14. Rad1 Bd7 15. h3 Ne6 16. Qf2 Nc6 17. Nc2 Bxc3 18. bxc3 Qf6 19. Nd4 Nc5 20. Nxc6 Bxc6 21. Bd4 Qe7 22. e5 Ne6 23. exd6 Qxd6 24. Bf6 Qf4 25. Be5 Qg5 26. h4 Qe7 27. h5 f6 28. Bd4 Qf7 29. hxg6 hxg6 30. Qg3 Nxd4 31. cxd4 Rxe1 32. Rxe1 Re8 33. Rb1 b6 34. d5 Ba4 35. Bd3 Kg7 36.
Rb4 b5 37. cxb5 axb5 38. Bxg6 Qxg6 39. Rg4 Qxg4 40. Qxg4+ Kf7 41. Qd7+ Re7 42. Qc6 b4 43. Qxa4 1-0

[Event "Late-Titled-Tuesday-Blitz-February-06-2024"]
[Site "Chess.com"]
[Date "2024.02.06"]
[Round "5"]
[White "LUISMIGUELOV"]
[Black "Zallio"]
[Result "0-1"]
[WhiteElo "2209"]
[BlackElo "2132"]
[TimeControl "180+1"]
[EndTime "14:53:30 PST"]
[Termination "Zallio won on time"]

1. d4 d5 2. c3 Nf6 3. Bg5 Nbd7 4. Nd2 e5 5. dxe5 Nxe5 6. Ngf3 Ng6 7. e3 Be7 8. Bd3 O-O 9. h4 h6 10. Bxf6 Bxf6 11.
h5 Ne5 12. Nxe5 Bxe5 13. Bc2 c5 14. Nf3 Bf6 15. Qd3 Re8 16. O-O-O Be6 17. Rhg1 Qa5 18.
Bb1 b5 19. g4 b4 20. g5 hxg5 21. Nxg5 bxc3 22. Qh7+ Kf8 23. Nxe6+ Rxe6 24. b3 Qa3+ 25.
Kc2 Qb2+ 26. Kd3 c4+ 0-1

[Event "Late-Titled-Tuesday-Blitz-February-06-2024"]
[Site "Chess.com"]
[Date "2024.02.06"]
[Round "5"]
[White "el008"]
[Black "Godzillator"]
[Result "1-0"]
[WhiteElo "2539"]
[BlackElo "2407"]
[TimeControl "180+1"]
[EndTime "14:53:33 PST"]
[Termination "el008 won by resignation"]

1. Nf3 d5 2. b3 Nf6 3. Bb2 c5 4.
e3 Nc6 5. g3 Bg4 6. Bg2 e6 7.
O-O Be7 8. c4 O-O 9. cxd5 Nxd5 10. h3 Bh5 11. a3 Bf6 12. Qc1 Bxb2 13. Qxb2 Rc8 14. Nc3 Nf6 15. g4 Bg6 16. Rac1 Bd3 17. Rfd1 b6 18. Ne1 Bg6 19. d3 Qd7 20. b4 cxb4 21. axb4 Rfd8 22. d4 Ne7 23. Nf3 Ned5 24. Ne5 Qd6 25. Nxg6 hxg6 26. Nb5 Qxb4 27. Qxb4 Nxb4 28.
Nxa7 Rxc1 29. Rxc1 Nfd5 30. Nc6 Rc8 31. Bxd5 Nxd5 32.
e4 Nf4 33. Ne7+ Kf8 34. Nxg6+ fxg6 35. Rxc8+ Kf7 36. Rc7+ Kf6 37. e5+ Kg5 38. Rxg7 Ne2+ 39. Kg2 Nxd4 40. f3 Kf4 41. Rxg6 Kxe5 42. h4 b5 43. h5 Ne2 44. Rg5+ Kf6 45. Rxb5 1-0

[Event "Late-Titled-Tuesday-Blitz-February-06-2024"]
[Site "Chess.com"]
[Date "2024.02.06"]
[Round "5"]
[White "JM2005GM"]
[Black "dmitrijiIM"]
[Result "0-1"]
[WhiteElo "2633"]
[BlackElo "2924"]
[TimeControl "180+1"]
[EndTime "14:53:34 PST"]
[Termination "dmitrijiIM won by resignation"]

1. e4 e5 2. Nf3 Nc6 3. Bc4 Nf6 4. d3 Bc5 5. O-O d6 6. c3 a6 7. Re1 O-O 8. a4 h6 9. h3 Ba7 10. Nbd2 Nh5 11. Nf1 Qf6 12. b4 Nf4 13. Be3 g6 14. Bxa7 Rxa7 15. Ne3 Ne7 16. b5 axb5 17. axb5 Rxa1 18.
Qxa1 Nxh3+ 19. Kf1 Nf4 20. Qa7 g5 21. Ra1 g4 22.
Ng1 h5 23. Qb8 c6 24. bxc6 bxc6 25. Ra8 h4 26. Ba6 Qe6 27. Nf5 Nxf5 28. Bxc8 Qh6 29. exf5 h3 30. gxh3 gxh3 0-1

[Event "Late-Titled-Tuesday-Blitz-February-06-2024"]
[Site "Chess.com"]
[Date "2024.02.06"]
[Round "5"]
[White "Charodej1"]
[Black "Ze-Pequeno"]
[Result "0-1"]
[WhiteElo "2260"]
[BlackElo "2129"]
[TimeControl "180+1"]
[EndTime "14:53:34 PST"]
[Termination "Ze-Pequeno won by resignation"]

1. e4 c5 2. Ne2 Nc6 3. Nbc3 g6 4. g3 Bg7 5. Bg2 d6 6. O-O e6 7. f4 Nge7 8. d3 O-O 9. Kh1 Bd7 10. Be3 Nd4 11. Qd2 Bc6 12. g4 f5 13. gxf5 exf5 14. Ng3 b6 15. Rae1 Qd7 16. Nd5 fxe4 17. dxe4 Nxd5 18.
exd5 Bb5 19. Rf2 Rae8 20. c3 Nf5 21. Nxf5 Qxf5 22. Qd1 Bd3 23. Bc1 Be4 24. Rfe2 Bxg2+ 25. Kxg2 Qg4+ 26. Kh1 Qf3+ 27. Kg1 Rxe2 28. Qxe2 Qxd5 29. Qe7 Rf7 30. Qe8+ Bf8 31. a3 Qf5 32. Qd8 Qg4+ 33. Kf1 Qh3+ 34. Kg1 Qg4+ 35. Kf1 Rf5 36. Re8 Qd1+ 37.
Kg2 Qxc1 0-1

[Event "Late-Titled-Tuesday-Blitz-February-06-2024"]
[Site "Chess.com"]
[Date "2024.02.06"]
[Round "5"]
[White "jup1978"]
[Black "mishanick"]
[Result "0-1"]
[WhiteElo "2517"]
[BlackElo "3042"]
[TimeControl "180+1"]
[EndTime "14:53:37 PST"]
[Termination "mishanick won by resignation"]

1. d4 d5 2. Nf3 Nf6 3. c4 e6 4. g3 dxc4 5. Bg2 a6 6. Ne5 Bb4+ 7.
Nc3 Nd5 8. Bd2 b5 9. O-O Bxc3 10. bxc3 Bb7 11. e4 Ne7 12. f4 Nd7 13. Qe2 O-O 14.
Be3 f6 15. Nxd7 Qxd7 16. Rad1 f5 17. d5 fxe4 18. Bxe4 exd5 19. Bc5 Rae8 20. Qg2 Qe6 21. Bxe7 Rxe7 22. Bxd5 Bxd5 23. Qxd5 Qxd5 24. Rxd5 g6 25. Kg2 Rf6 26. Rf3 Rf5 27. Rd2 c5 28. g4 Rf6 29.
Kg3 a5 30. Rd5 Rc6 31. f5 b4 32. fxg6 hxg6 33. Rd8+ Kg7 34. Ra8 b3 35. axb3 cxb3 36. Rxa5 Rb7 37. Rf1 c4 38. Rb1 Rd6 39. h4 Rd3+ 40. Kf4 Rxc3 41. Ra6 Rd3 42. Re1 c3 43. Ree6 c2 44. Rxg6+ Kf7 45. Rgf6+ Ke7 46. Rfc6 b2 47.
Rxc2 b1=Q 0-1

[Event "Late-Titled-Tuesday-Blitz-February-06-2024"]
[Site "Chess.com"]
[Date "2024.02.06"]
[Round "5"]
[White "delqate"]
[Black "pfalcon1949"]
[Result "1-0"]
[WhiteElo "2360"]
[BlackElo "1966"]
[TimeControl "180+1"]
[EndTime "14:53:38 PST"]
[Termination "delqate won on time"]

1. d4 Nf6 2. Bf4 d5 3. e3 c5 4. c3 Nc6 5. Nd2 Bf5 6. Qb3 Qd7 7. Ngf3 c4 8. Qa4 e6 9. Nh4 Bg6 10. Nxg6 hxg6 11. e4 Be7 12. Be2 O-O 13. Bf3 a6 14. Qc2 b5 15. O-O Rfd8 16. Rfe1 Rac8 17. a3 a5 18. h3 b4 19. axb4 axb4 20. Qa4 Ra8 21. Qxa8 Rxa8 22. Rxa8+ Kh7 23. Rea1 dxe4 24. Nxe4 Nxe4 25.
Bxe4 Nxd4 26. R8a7 Ne2+ 27. Kf1 Nxf4 28. Rxd7 Bc5 29.
cxb4 Bxb4 30. Rxf7 e5 31. Raa7 Ne6 32. Ra6 Nf8 33.
Rb6 1-0